Map: Dragon Scales LE

Players

HanibalBarca - Winner!

  • Race: Terran Terran
  • League: Platinum
  • Spawn Location: 5:00

DrkEcho

  • Race: Protoss Protoss
  • League: Gold
  • Spawn Location: 11:00

VOD

Have the link to the VOD?

Description

Time

  • Played on: Feb. 6, 2023, 12:23 a.m.
  • Length: 18:25
Show
View Real Time Build Order
Export as new Build Order

HanibalBarca Terran - Winner!

Build Orders: 2 Factory 

Get SALT Encoding   

  12  0:12  SCV  
  13  0:22  Supply Depot  
  13  0:24  SCV  
  14  0:33  Refinery  
  14  0:45  Barracks  
  14  0:54  Supply Depot  
  14  0:56  SCV  
  14  1:08  SCV  
  14  1:20  SCV  
  15  1:32  SCV  
  16  1:44  SCV  
  17  1:47  Supply Depot  
  17  1:55  Reaper, Factory  
  18  2:04  Refinery  
  18  2:17  Orbital Command  
  18  2:30  Barracks Reactor  
  18  2:46  Starport  
  18  2:48  SCV  
  18  2:51  Factory Tech Lab  
  19  3:26  Factory  
  19  3:27  SCV, Armory  
  20  3:37  Starport Tech Lab  
  20  3:39  SCV  
  21  3:42  Engineering Bay  
  20  3:51  SCV  
  21  4:03  SCV  
  21  4:05  Raven  
  24  4:15  SCV, Supply Depot  
  24  4:16  Drilling Claws  
  25  4:19  Supply Depot  
  25  4:24  Missile Turret  
  25  4:30  Siege Tank  
  28  4:33  SCV  
  28  4:37  Widow Mine  
  31  4:48  SCV  
  32  4:58  Liberator  
  35  5:00  SCV  
  36  5:09  Widow Mine x2  
  36  5:12  SCV  
  41  5:16  Widow Mine  
  43  5:24  SCV  
  44  5:37  SCV, Command Center  
  45  5:47  Widow Mine  
  45  5:48  Widow Mine x2  
  45  5:49  SCV  
  52  6:01  SCV  
  53  6:04  Supply Depot x2  
  53  6:09  Widow Mine x2  
  57  6:13  Ghost Academy  
  57  6:15  Widow Mine  
  59  6:30  Widow Mine x2  
  63  6:37  Widow Mine  
  62  7:15  Widow Mine  
  62  7:16  Widow Mine  
  62  7:25  Planetary Fortress  
  62  7:28  Barracks Tech Lab  
  62  7:41  Personal Cloaking  
  62  8:10  Widow Mine  
  62  8:11  Widow Mine x2  
  62  8:32  Widow Mine x2  
  66  8:40  Ghost  
  68  8:44  Command Center  
  68  8:57  Missile Turret  
  68  8:59  Refinery  
  68  9:00  Refinery  
  66  9:29  Siege Tank  
  66  9:30  Widow Mine  
  66  9:31  Widow Mine  
  71  9:52  Widow Mine x2  
  73  9:57  Orbital Command  
  73  10:02  Widow Mine  
  75  10:13  Widow Mine x2  
  79  10:22  Ghost Academy  
  79  10:23  Siege Tank  
  79  10:24  Ghost Academy  
  80  10:33  Liberator  
  80  11:11  Nuke  
  80  11:17  SCV  
  81  11:18  Missile Turret  
  81  11:27  Missile Turret  
  81  11:29  SCV, Nuke x2  
  81  11:32  Missile Turret  
  82  11:39  Missile Turret  
  76  12:10  Sensor Tower  
  76  12:14  Sensor Tower  
  73  12:17  Sensor Tower  
  73  12:19  Widow Mine x3  
  79  12:30  Sensor Tower  
  79  12:34  SCV x2  
  81  12:41  Widow Mine x2  
  85  12:46  SCV  
  86  12:55  Nuke  
  86  13:10  Nuke  
  86  13:22  Widow Mine x3  
  92  13:43  Widow Mine x2  
  92  13:45  Nuke  
  92  13:48  Ghost  
  76  14:39  Siege Tank  
  79  15:04  Missile Turret  
  79  15:11  Siege Tank  
  76  15:18  Raven  
  78  15:25  Nuke x2  
  78  15:42  Widow Mine x2  
  76  16:05  Siege Tank  
  76  16:06  Widow Mine  
  78  16:21  Missile Turret  
  78  16:46  Nuke x2  
  78  17:01  Nuke  
  76  17:14  Ghost  
  68  17:38  Siege Tank  
  65  17:58  Orbital Command  
Show
View Real Time Build Order
Export as new Build Order

DrkEcho Protoss 

Build Orders:  

Get SALT Encoding   

  12  0:08  Assimilator  
  12  0:23  Probe (Chrono Boost)  
  13  0:42  Probe  
  14  1:20  Probe  
  15  1:41  Pylon  
  15  1:46  Assimilator  
  15  1:54  Assimilator  
  15  2:04  Gateway  
  15  2:13  Probe (Chrono Boost)  
  17  2:24  Probe (Chrono Boost)  
  17  2:29  Probe (Chrono Boost)  
  18  2:52  Nexus  
  18  3:16  Cybernetics Core  
  18  3:50  Adept (Chrono Boost)  
  18  3:55  Warp Gate  
  20  4:00  Probe (Chrono Boost)  
  21  4:08  Probe (Chrono Boost)  
  22  4:12  Adept  
  26  4:17  Probe x2 (Chrono Boost)  
  26  4:23  Probe (Chrono Boost)  
  27  4:26  Probe (Chrono Boost)  
  28  4:33  Probe (Chrono Boost)  
  28  4:36  Probe (Chrono Boost)  
  28  4:37  Pylon  
  30  4:47  Stargate  
  30  5:09  Probe  
  30  5:10  Gateway, Probe  
  30  5:11  Gateway  
  30  5:12  Pylon  
  32  5:21  Probe  
  32  5:22  Probe  
  32  5:28  Oracle (Chrono Boost)  
  34  5:34  Probe  
  38  5:44  Probe  
  38  5:46  Probe  
  38  5:47  Assimilator  
  40  5:56  Probe  
  41  5:58  Probe  
  42  6:08  Probe  
  42  6:10  Probe  
  44  6:20  Probe  
  41  7:10  Robotics Facility  
  41  7:11  Gateway  
  41  7:12  Gateway  
  41  7:16  Gateway, Robotics Facility  
  41  7:17  Shield Battery  
  41  7:25  Stalker  
  41  7:26  Stalker x2  
  41  7:27  Twilight Council  
  47  7:30  Nexus  
  47  7:33  Pylon  
  47  7:36  Pylon  
  47  7:37  Oracle  
  41  8:31  Observer x2, Stalker  
  41  8:32  Stalker x5  
  55  8:44  Blink (Chrono Boost)  
  55  8:54  Immortal x2  
  63  9:01  Stalker x3  
  69  9:24  Stalker x3  
  69  9:33  Immortal  
  73  9:40  Shield Battery  
  73  9:43  Shield Battery  
  73  9:45  Shield Battery  
  69  10:06  Robotics Bay  
  69  10:11  Pylon  
  69  10:14  Pylon  
  68  10:15  Pylon  
  60  10:43  Void Ray, Stalker x5  
  60  10:44  Stalker  
  70  11:03  Disruptor  
  71  11:10  Assimilator  
  71  11:14  Probe  
  72  11:23  Disruptor (Chrono Boost)  
  75  11:25  Observer  
  75  11:26  Probe  
  76  11:39  Probe  
  72  12:14  Warp Prism (Chrono Boost)  
  72  12:17  Stalker x3  
  78  12:30  Pylon x2  
  78  12:32  Pylon  
  78  12:50  Stalker x3  
  78  12:51  Stalker x2  
  91  13:01  Observer (Chrono Boost)  
  89  13:21  Observer (Chrono Boost)  
  44  14:19  Stalker x4  
  44  14:20  Stalker x2  
  42  14:32  Colossus (Chrono Boost)  
  42  14:38  Extended Thermal Lance  
  46  14:43  Stalker x4  
  46  14:44  Stalker x2  
  58  14:55  Robotics Facility  
  58  14:58  Robotics Facility  
  58  15:01  Oracle  
  57  15:34  Stalker  
  57  15:35  Stalker x5  
  47  15:53  Colossus (Chrono Boost)  
  59  16:00  Colossus x2 (Chrono Boost)  
  59  16:17  Stalker x2  
  48  16:31  Probe  
  48  16:32  Observer (Chrono Boost)  
  50  16:43  Probe  
  57  16:49  Colossus (Chrono Boost)  
  57  16:51  Gravitic Boosters  
  57  16:55  Probe  
  58  17:07  Probe  
  59  17:09  Stalker x2  
  59  17:10  Stalker x2  
  67  17:19  Probe  
  57  17:28  Observer (Chrono Boost)  
  59  17:38  Warp Prism (Chrono Boost)  
  51  18:06  Observer (Chrono Boost)  
Tags
 
Add a new tag
Caveats
  • Supply blocks, unpowered buildings, or Contaminate may cause inaccurate times.
  • Supply counts are checked every 10 seconds.